AoeStats
← masi.frutti

MegaRandom

510563801Analyzed
2v2 RM · 1d ago on Oct 1, 2026· 34m 41s· 4 players
Game mode
Random Map
Map size
Medium (4 player)
Population
200
Speed
Normal
Resources
Standard
Victory
Conquest
Starting age
Dark Age
Ending age
Imperial Age
RankedLock teamsTeams togetherTeam positionsShared explorationLock speedFull tech treeHidden civsTurbo modeCheats
Victory
Defeat
1117
+13
🇪🇸 Spanish · Spain
1086
+15
🇵🇰 Malay · Pakistan
1057
-14
🇲🇽 Vietnamese · Mexico
1054
-14
Elmarques
8:16 Loom
12:12 Feudal Age
16:30 Castle Age
14:30 Double-Bit Axe
15:04 Fishing Lines
16:08 Horse Collar
18:12 Bow Saw
18:40 Stone Mining
21:20 Heavy Plow
22:01 Town Watch
23:12 Gold Mining
26:14 Padded Archer Armor
29:07 Wheelbarrow
31:22 Bloodlines
31:13 Husbandry
34:34 Leather Archer Armor
35:00 Wheelbarrow
34:21 Light Cavalry
Torfhildur Þorsteinsdóttir
8:56 Loom
12:01 Feudal Age
12:33 Double-Bit Axe
12:30 Horse Collar
18:34 Castle Age
17:18 Fletching
17:44 Padded Archer Armor
20:02 Bow Saw
20:45 Bodkin Arrow
23:15 Wheelbarrow
26:22 Leather Archer Armor
26:19 Stone Mining
32:27 Gold Mining
33:10 Town Watch
masi.frutti
10:53 Loom
13:01 Feudal Age
14:35 Double-Bit Axe
17:01 Castle Age
14:45 Horse Collar
15:27 Fletching
15:37 Padded Archer Armor
15:48 Gold Mining
15:54 Stone Mining
16:46 Wheelbarrow
15:54 Fishing Lines
17:42 Bodkin Arrow
17:18 Crossbowman
19:55 Bow Saw
19:47 Heavy Plow
22:53 Hand Cart
NSN WAJID
14:22 Feudal Age
12:41 Loom
16:45 Wheelbarrow
15:57 Horse Collar
16:22 Double-Bit Axe
21:02 Castle Age
18:51 Fishing Lines
21:20 Gold Mining
26:36 Hand Cart
27:25 Stone Mining
28:10 Gold Shaft Mining
28:27 Forging
Connection lost

Rejoining the realm…

Still unreachable

The connection could not be restored.

Session expired

The server has moved on; the page needs a fresh start.